 Dungeon Crawl Stone Soup version 0.28.0-56-g4927b6849a (webtiles) character file.

Game seed: 2304545002679450293

255 mopl the Bolt Thrower (level 5, -1/46 HPs)
             Began as a Minotaur Hunter on Feb 2, 2023.
             Slain by a phantom (8 damage)
             ... on level 3 of the Dungeon.
             The game lasted 00:02:51 (3054 turns).

mopl the Bolt Thrower (Minotaur Hunter)             Turns: 3054, Time: 00:02:52

Health: -1/46      AC:  6    Str: 18    XL:     5   Next: 91%
Magic:  4/4        EV: 10    Int:  8    God:
Gold:   63         SH:  0    Dex: 11    Spells: 4/4 levels left

rFire   . . .      SeeInvis .   b - +0 short sword
rCold   . . .      Faith    .   (no shield)
rNeg    . . .      Spirit   .   p - +0 scale mail
rPois   .          Reflect  .   (helmet restricted)
rElec   .          Harm     .   (no cloak)
rCorr   .          Rampage  .   (no gloves)
Will    .....                   (no boots)
Stlth   ..........              (no amulet)
HPRegen 0.15/turn               (no ring)
MPRegen 0.09/turn               (no ring)

@: no status effects
A: horns 2, retaliatory headbutt
a: no special abilities


You were on level 3 of the Dungeon.
You visited 1 branch of the dungeon, and saw 3 of its levels.

You collected 63 gold pieces.

Inventory:

Hand Weapons
 a - a +1 hand crossbow
 b - a +0 short sword (weapon)
Missiles
 d - 20 bolts
 n - 9 atropa-tipped darts (quivered)
Armour
 p - a +0 scale mail (worn)
Jewellery
 o - a ring of wizardry
Scrolls
 f - a scroll of fear {unknown}
 g - 2 scrolls of brand weapon {unknown}
 h - 2 scrolls of vulnerability {unknown}
 i - 2 scrolls of noise {unknown}
 k - a scroll of amnesia {unknown}
 l - a scroll of torment {unknown}
 m - 2 scrolls of teleportation {unknown}
 q - 2 scrolls of identify {unknown}
 r - a scroll of blinking {unknown}
Potions
 c - a potion of cancellation {unknown}
 e - a potion of heal wounds {unknown}
 j - a potion of berserk rage {unknown}
 s - a potion of brilliance {unknown}
 t - a potion of magic {unknown}
 u - a potion of degeneration {unknown}
 v - a potion of mutation {unknown}
 w - a potion of attraction {unknown}


   Skills:
 + Level 4.0 Fighting
 * Level 6.0 Crossbows
 + Level 2.8 Armour
 + Level 3.5 Dodging
 - Level 0.7 Stealth


You had 4 spell levels left.
You didn't know any spells.
Your spell library was empty.

Dungeon Overview and Level Annotations

Branches:
Dungeon (3/15)

Altars:

Shops:
D:1 ((*


Innate Abilities, Weirdness & Mutations

You have a pair of horns on your head.
You reflexively headbutt those who attack you in melee.


Message History

You are too injured to fight recklessly!
You are too injured to fight recklessly!
You are too injured to fight recklessly!
You are too injured to fight recklessly!
You are too injured to fight recklessly!
You hit the phantom. You headbutt the phantom. Your punch misses the phantom.
The phantom is severely damaged.
The phantom hits you.
You closely miss the phantom.
The phantom is severely damaged.
The phantom closely misses you. You furiously retaliate!
You headbutt the phantom. You barely miss the phantom.
The phantom is severely damaged.
The phantom hits you.
You hit the phantom.
The phantom is severely damaged.
The phantom hits you.
* * * LOW HITPOINT WARNING * * *
You hit the phantom.
The phantom is almost destroyed.
The phantom barely misses you.
You hit the phantom but do no damage.
The phantom is almost destroyed.
The phantom closely misses you.
You closely miss the phantom. Your headbutt misses the phantom.
The phantom is almost destroyed.
The phantom hits you but does no damage.
You barely miss the phantom.
The phantom is almost destroyed.
The phantom hits you.
* * * LOW HITPOINT WARNING * * *
You hit the phantom. Your headbutt misses the phantom.
The phantom is almost destroyed.
The phantom barely misses you. You furiously retaliate!
You headbutt the phantom. You closely miss the phantom.
The phantom is almost destroyed.
The phantom hits you!
You die...

#..........†###
.....######...##
...###....###..#
..## ....##.## ..#
...#..# .## #.##.#
.# #..#.# .#
#..#†## .# #....@#
.# #...W.# .##
#.....# ..#
#......# ..##
.......#.#
...###....###....#
.....######...#.##
............###.#
#.##.##o##.# .#


You could see a phantom.

Vanquished Creatures
  A hound (D:2)
  Natasha (thrice) (D:2)
  3 gnolls (D:3)
  5 adders
  3 dart slugs
  2 orcs (D:3)
  6 ball pythons
  8 endoplasms
  7 goblins
  6 hobgoblins
  3 jackals
  4 quokkas
  9 bats
  A frilled lizard (D:1)
  7 kobolds
  2 rats
70 creatures vanquished.

Notes
Turn   | Place    | Note
-------+----------+-------------------------------------------
     0 | D:1      | mopl the Minotaur Hunter began the quest for the Orb.
     0 | D:1      | Reached XP level 1. HP: 18/18 MP: 0/0
    49 | D:1      | Found Dozaom's Antique Weapon Shop.
   103 | D:1      | Found Ikhidouh's Weapon Emporium.
   354 | D:1      | Reached XP level 2. HP: 7/25 MP: 1/1
   793 | D:1      | Reached skill level 1 in Armour
   964 | D:1      | Found Ifi Opp's General Store.
  1270 | D:2      | Found a faded altar of an unknown god.
  1339 | D:2      | Reached XP level 3. HP: 28/30 MP: 2/2
  1411 | D:2      | Reached skill level 3 in Fighting
  1413 | D:2      | Reached skill level 5 in Crossbows
  1428 | D:2      | Reached XP level 4. HP: 19/38 MP: 3/3
  1590 | D:2      | Noticed Natasha
  1594 | D:2      | Killed Natasha
  1595 | D:2      | Reached skill level 2 in Armour
  1595 | D:2      | Reached skill level 3 in Dodging
  1778 | D:2      | Noticed Natasha
  1787 | D:2      | Killed Natasha
  1788 | D:2      | Reached XP level 5. HP: 39/45 MP: 4/4
  1867 | D:2      | Noticed Natasha
  1880 | D:2      | Killed Natasha
  2659 | D:3      | Reached skill level 6 in Crossbows
  2887 | D:3      | Reached skill level 4 in Fighting
  3030 | D:3      | Noticed a phantom
  3054 | D:3      | Slain by a phantom

Illustrated notes

Levels and vault maps discovered:
D:1:      tarquinn_simple_flora_water_a, layout_basic, serial_shops,
          nicolae_shop_trees, shop, nicolae_shop_overgrown_old_shop
D:2:      layout_basic, basic_ecumenical_altar, uniq_natasha
D:3:      layout_basic, lemuel_coloured_pillars_altar,
          mainiacjoe_overflow_alcove_4, minmay_randomly_rotated_circles

Skill      XL: |  1  2  3  4  5 |
---------------+----------------+-----
Armour         | 1 2 |  2.8
Fighting       | 3 4 |  4.0
Crossbows      | 5 6 |  6.0
Dodging        | 3 |  3.5
Stealth        | |  0.7

Action                   |  1- 3 |  4- 6 || total
-------------------------+-------+-------++-------
Melee: Short sword       |    61 |   137 ||   198
       Headbutt          |    12 |    22 ||    34
Armor: Leather armour    |    10 |       ||    10
       Ring mail         |    11 |     7 ||    18
       Scale mail        |       |    49 ||    49
Dodge: Dodged            |    36 |    83 ||   119
